 Dungeon Crawl Stone Soup version 0.20.1-1-g8b1a95d (webtiles) character file.

32 spiff the Cutter (level 3, -1/24 HPs)
             Began as a Halfling Warper on July 7, 2017.
             Slain by a worm (11 damage)
             ... on level 2 of the Dungeon.
             The game lasted 00:05:17 (1620 turns).

spiff the Cutter (Halfling Warper)                  Turns: 1620, Time: 00:05:18

Health: -1/24      AC:  3    Str: 12    XL:     3   Next: 45%
Magic:  5/5        EV: 14    Int: 12    God:
Gold:   89         SH:  0    Dex: 13    Spells: 5/5 levels left

rFire    . . .     SeeInvis .   a - +0 dagger
rCold    . . .     Gourm    .   (shield restricted)
rNeg     . . .     Faith    .   b - +0 leather armour
rPois    .         Spirit   .   (no helmet)
rElec    .         Reflect  .   (no cloak)
rCorr    .         Harm     .   (no gloves)
MR       .....                  (no boots)
Stlth    ++........             (no amulet)
Regen    0.1/turn               (no ring)
MPRegen  0.1/turn               (no ring)

@: no status effects
A: mutation resistance 1
a: no special abilities


You were on level 2 of the Dungeon.
You were not hungry.

You visited 1 branch of the dungeon, and saw 2 of its levels.

You collected 89 gold pieces.

Inventory:

Hand Weapons
 a - a +0 dagger (weapon)
Missiles
 e - 4 tomahawks of dispersal (quivered)
 l - 20 sling bullets
 n - 22 stones
Armour
 b - a +0 leather armour (worn)
Scrolls
 d - a scroll of blinking
 i - a scroll of magic mapping {unknown}
 j - a scroll of noise {unknown}
 m - 3 scrolls of identify {unknown}
 p - a scroll of recharging {unknown}
 q - 2 scrolls of remove curse {unknown}
 r - 3 scrolls of immolation {unknown}
Potions
 g - a potion of cancellation {unknown}
 o - a potion of curing {unknown}
Books
 c - a book of Spatial Translocations

   Spells                             Type                      Level
   a - Blink                          Translocation                2
   b - Shroud of Golubria             Charms/Translocation         2
   c - Lesser Beckoning               Translocation                3
   d - Gell's Gravitas                Translocation                3
   e - Teleport Other                 Translocation                3
   f - Passage of Golubria            Translocation                4
Comestibles
 f - a bread ration
 h - 2 royal jellies


   Skills:
 - Level 1.7 Fighting
 + Level 3.5 Short Blades
 - Level 1.0 Throwing
 - Level 1.1 Armour
 - Level 2.1 Dodging
 + Level 2.2 Stealth
 - Level 1.5 Spellcasting
   Level 3.2 Translocations


You had 5 spell levels left.
You didn't know any spells.

Dungeon Overview and Level Annotations

Branches:
Dungeon (2/15)

Altars:


Innate Abilities, Weirdness & Mutations

You are small and have problems with some larger weapons.
You are somewhat resistant to further mutation.


Message History

The worm is lightly wounded.
The worm bites you.
There is a stone staircase leading up here.
There is a stone staircase leading up here.
A worm is nearby!
You climb upwards.
The gnoll hits you with a flail. The gnoll closely misses you.
There is a stone staircase leading down here.
Throwing (i - inventory. (,) - cycle):
e - 5 tomahawks of dispersal (quivered)
Press: ? - help, Shift-Dir - straight line, f - gnoll
Aim: a gnoll, wielding a flail You throw a tomahawk of dispersal.
The tomahawk of dispersal hits the gnoll.
The gnoll blinks!
The gnoll is lightly wounded.
You climb downwards.
There is a stone staircase leading up here.
The worm bites you. The worm bites you!
You die...

#.# #.##.# #.#
#.#
###.##.#####.#
#.###
#............#
###########...#
#.############
###........####<#
#.# .w...#####.#
##.###.# ###..#
#.###...##.#
###..#
#.....w....#
.##..#
#####..@####
.##..# ##.##
.##..##########.#
........).......#
#################


You could see a worm.

Vanquished Creatures
  An adder (D:2)
  An ooze (D:1)
  5 bats
  2 goblins
  3 hobgoblins
  A frilled lizard (D:1)
  3 kobolds (D:1)
  6 rats
22 creatures vanquished.

Notes
Turn   | Place    | Note
-------+----------+-------------------------------------------
     0 | D:1      | spiff the Halfling Warper began the quest for the Orb.
     0 | D:1      | Reached XP level 1. HP: 14/14 MP: 3/3
   338 | D:1      | Reached skill level 1 in Stealth
   344 | D:1      | Reached XP level 2. HP: 17/19 MP: 4/4
  1055 | D:2      | Reached XP level 3. HP: 18/24 MP: 5/5
  1620 | D:2      | Slain by a worm

Skill      XL: |  1  2  3 |
---------------+----------+-----
Stealth        | 1 2 |  2.2
Short Blades   | 3 |  3.5
Fighting       | |  1.7
Throwing       | |  1.0
Armour         | |  1.1
Dodging        | |  2.1
Spellcasting   | |  1.5
Translocations | |  3.2

Action                   || total
-------------------------++-------
Melee: Short sword       ||    15
       Dagger            ||    96
Throw: Tomahawk          ||     1
 Stab: Sleeping          ||     4
  Eat: Chunk             ||     2
Armor: Leather armour    ||    14
Dodge: Dodged            ||    62
